 Dungeon Sprint DCSS version 0.21-a0-442-g848f44b (webtiles) character file.

23 Kidiri the Ruffian (level 2, -1/25 HPs)
             Began as a Draconian Transmuter on Nov 16, 2017.
             Slain by an ogre
             ... wielding a +0 giant club
              (26 damage)
             ... in the Dungeon (Sprint I: "Red Sonja").
             The game lasted 00:00:33 (281 turns).

Kidiri the Ruffian (Draconian Transmuter)            Turns: 281, Time: 00:00:33

Health: -1/25      AC:  4    Str: 12    XL:     2   Next: 72%
Magic:  0/5        EV: 13    Int: 13    God:
Gold:   0          SH:  0    Dex: 11    Spells: 3/6 levels left

rFire    . . .     SeeInvis .     - Unarmed
rCold    . . .     Gourm    .   (no shield)
rNeg     . . .     Faith    .   (armour unavailable)
rPois    .         Spirit   .   (helmet restricted)
rElec    .         Reflect  .   (no cloak)
rCorr    .         Harm     .   (no gloves)
MR       .....     NoTele   +   (boots currently unavailable)
Stlth    ++........             (no amulet)
HPRegen  0.08/turn              (no ring)
MPRegen  0.09/turn              (no ring)

@: appendage
A: unfitting armour, talons 3, cold-blooded, AC +4
a: End Transformation


You were in the Dungeon.
You were not hungry.
You had grown temporary talons.
You visited 1 branch

Inventory:

Missiles
 a - 10 arrows
Wands
 j - a wand of random effects (25/48)
Scrolls
 i - a scroll of blinking
Potions
 d - a potion of curing
 e - a potion of heal wounds
 f - a potion of haste
 g - 2 potions of magic
 h - a potion of berserk rage
Books
 b - a book of Changes

   Spells                             Type                      Level
   a - Beastly Appendage              Transmutation                1
   b - Sticks to Snakes               Transmutation                2
   c - Spider Form                    Transmutation/Poison         3
   d - Ice Form                       Ice/Transmutation            4
   e - Blade Hands                    Transmutation                5
Comestibles
 c - a bread ration


   Skills:
 * Level 2.8 Fighting
 * Level 2.8 Dodging
 + Level 1.4 Stealth
 * Level 3.8 Unarmed Combat
 + Level 2.5 Spellcasting
 * Level 3.1 Transmutations


You had 3 spell levels left.
You knew the following spells:

 Your Spells              Type           Power        Failure   Level  Hunger
a - Beastly Appendage     Tmut           #.....       7%          1    #......
b - Sticks to Snakes      Tmut           #.......     10%         2    ###....


Dungeon Overview and Level Annotations

Branches:
Dungeon (1/1)

Altars:


Innate Abilities, Weirdness & Mutations

Your plain brown scales are hard. (AC +4)
You cannot fit into any form of body armour.
You are cold-blooded and may be slowed by cold attacks.
You have claws for feet.


Message History

Magic restored.
You start resting.
HP restored.
Casting: Beastly Appendage
Confirm with . or Enter, or press ? or * to list all spells.
You create a snake!
You now have 11 arrows.
Casting: Sticks to Snakes
Confirm with . or Enter, or press ? or * to list all spells.
You create a snake!
You now have 10 arrows.
Casting: Sticks to Snakes
Confirm with . or Enter, or press ? or * to list all spells.
Your feet morph into talons.
You open the door.
Unknown command.
An ogre comes into view. It is wielding a giant club.
There is an open door here.
Unknown command.
The ogre hits you with a giant club!!
Ouch! That really hurt!
You die...

##########
#<.#..S..#
#..'[.#@O+
#..#####+#
#..# #..#
#..# #⌠⌠#
####


You could see an ogre and a friendly ball python.

Vanquished Creatures
  Ijyb (D)
1 creature vanquished.

Notes
Turn   | Place    | Note
-------+----------+-------------------------------------------
     0 | D        | Kidiri the Draconian Transmuter began the quest for the Orb.
     0 | D        | Reached XP level 1. HP: 16/16 MP: 3/3
     3 | D        | Noticed Ijyb
    21 | D        | Killed Ijyb
    21 | D        | Reached skill level 1 in Stealth
    21 | D        | Reached XP level 2. HP: 4/25 MP: 3/5
    27 | D        | Learned a level 2 spell: Sticks to Snakes
   280 | D        | Noticed an ogre
   281 | D        | Slain by an ogre

Vault maps used:
D:        dungeon_sprint_1

Skill      XL: |  1 |
---------------+----+-----
Fighting       | 2 |  2.8
Dodging        | 2 |  2.8
Stealth        | 1 |  1.4
Transmutations | 3 |  3.1
Unarmed Combat | |  3.8
Spellcasting   | |  2.5

Action                   || total
-------------------------++-------
Melee: Unarmed           ||    18
       Headbutt          ||     1
 Cast: Beastly Appendage ||     2
       Sticks to Snakes  ||     2
Armor: Skin              ||     1
Dodge: Dodged            ||     7

Table legend:
 A = Spawn XP
 B = Non-spawn XP
 C = Spawn XP percentage of total XP
 D = Spawn monster count
 E = Non-spawn monster count
 F = Spawn count percentage of total count
 G = Total turns spent on level
                    A         B        C        D         E        F      G
               +---------+---------+-------+---------+---------+-------+---------
         Total |       0 |      33 |   0.0 |       0 |       1 |   0.0 |   281
               +---------+---------+-------+---------+---------+-------+---------
             D |       0 |      33 |   0.0 |       0 |       1 |   0.0 |   281
               +---------+---------+-------+---------+---------+-------+---------
